 Dungeon Crawl Stone Soup version 0.25-a0-479-g8579842fd4 (webtiles) character file.

Game seed: 17746867729457256644, levelgen mode: deterministic

1011 Eurus the Magician (level 8, -15/61 HPs)
             Began as a Mummy Conjurer on Feb 9, 2020.
             Demolished by an orc warrior
             ... wielding a +0 scimitar
              (21 damage)
             ... on level 6 of the Dungeon.
             The game lasted 00:13:42 (6696 turns).

Eurus the Magician (Mummy Conjurer)                 Turns: 6696, Time: 00:13:42

Health: -15/61     AC:  4    Str: 11    XL:     8   Next: 1%
Magic:  4/17       EV: 12    Int: 16    God:
Gold:   125        SH:  0    Dex: 13    Spells: 12/19 levels left

rFire    x . .     SeeInvis .   k - +0 trident (protect)
rCold    + . .     Gourm    .   (no shield)
rNeg     + + +     Faith    .   a - +0 robe
rPois    ∞         Spirit   .   (no helmet)
rElec    .         Reflect  .   (no cloak)
rCorr    .         Harm     .   p - +0 pair of gloves
MR       +....                  e - +0 pair of boots
Stlth    ++........             (no amulet)
HPRegen  0.20/turn              (no ring)
MPRegen  0.15/turn              (no ring)

@: no status effects
A: no food or potions, fire vulnerability, cold resistance 1, negative energy
resistance 3, torment resistance, unbreathing
a: no special abilities


You were on level 6 of the Dungeon.
You were not hungry.

You visited 1 branch of the dungeon, and saw 6 of its levels.

You collected 125 gold pieces.

Inventory:

Hand Weapons
 k - a +0 trident of protection (weapon)
Armour
 a - a +0 robe (worn)
 e - a +0 pair of boots (worn)
 p - a +0 pair of gloves (worn)
Jewellery
 b - an uncursed ring of protection from cold {unknown}
 h - an uncursed ring of flight {unknown}
 l - an uncursed amulet of rage {unknown}
 r - an uncursed amulet of rage {unknown}
Wands
 m - a wand of acid (18)
 n - a wand of disintegration (11)
Scrolls
 c - 6 scrolls of remove curse {unknown}
 d - a scroll of enchant armour {unknown}
 f - 2 scrolls of identify {unknown}
 g - a scroll of magic mapping {unknown}
 i - 2 scrolls of blinking {unknown}
 j - a scroll of amnesia {unknown}
 o - a scroll of fog {unknown}
 q - a scroll of teleportation {unknown}


   Skills:
 + Level 4.6 Fighting
 - Level 1.5 Dodging
 - Level 1.5 Stealth
 + Level 6.3 Spellcasting
 + Level 5.2 Conjurations
 + Level 2.9 Translocations


You had 12 spell levels left.
You knew the following spells:

 Your Spells              Type           Power        Failure   Level  Hunger
a - Magic Dart            Conj           ###.         1%          1    N/A
b - Searing Ray           Conj           ###...       2%          2    N/A
c - Iskenderun's Mystic   Conj/Tloc      ###.....     24%         4    N/A

Your spell library contained the following spells:

 Spells                   Type           Power        Failure   Level  Hunger
 Dazzling Flash           Conj/Hex       ##....       14%         3    N/A
 Fulminant Prism          Conj/Hex       ##........   41%         4    N/A

Dungeon Overview and Level Annotations

Branches:
Dungeon (6/15)
 Temple: D:4-7

Altars:
Cheibriados
Dithmenos
Gozag
Kikubaaqudgha
Makhleb
Okawaru
Qazlal
Sif Muna
Uskayaw

Annotations:
D:6 Sigmund


Innate Abilities, Weirdness & Mutations

You do not eat or drink.
Your flesh is vulnerable to fire.
You are immune to poison.
Your flesh is cold resistant. (rC+)
You are immune to negative energy. (rN+++)
You are immune to unholy pain and torment.
You can survive without breathing.


Message History

The searing ray hits the orc warrior.
The orc warrior is heavily wounded.
You finish channeling your searing ray.
The orc warrior hits you with a +0 scimitar!!
* * * LOW HITPOINT WARNING * * *
Casting: Searing Ray (safe; 2% risk of failure)
Confirm with . or Enter, or press ? or * to list all spells.
Aiming: Searing Ray (safe; 2% risk of failure)
Press: ? - help, Shift-Dir - straight line, f/p - orc warrior
Aim: an orc warrior, wielding a +0 scimitar and wearing a +0 plate armour (heavily wounded)
The searing ray hits the orc warrior!
The orc warrior is almost dead. (Press . to maintain the ray.)
The orc warrior barely misses you.
The searing ray hits the orc warrior.
The orc warrior is almost dead.
The searing ray hits the orc warrior.
The orc warrior is almost dead.
The orc warrior hits you with a +0 scimitar!!
You die...

#.# ########...# #.#
##.## #.# #.# #.#
#.# ###.### ##'##
#.....# ##...#
#.###.# ##..... #!#
#.## ##......
###@###..####...%...
#...o.......'.......
#.###.....###.......
#.......#.# ##......
#..##.#.#.# ##.....
#..##.#.#<# ##...#
#..##.#.#.# ##'##
#..##.#.#.# #.#
#..##.#.#.# #.#


You could see an orc warrior.

Vanquished Creatures
  An ice beast (D:6)
  An ogre (D:4)
  A necrophage (D:5)
  2 bullfrogs (D:6)
  A scorpion (D:4)
  A vampire bat (D:4)
  A hound (D:5)
  3 orc priests
  4 orc wizards
  An iguana (D:4)
  4 worker ants
  5 adders
  A howler monkey skeleton (D:4)
  An ooze (D:2)
  4 worms
  5 leopard geckos
  14 orcs
  3 bat skeletons (D:4)
  3 bat zombies (D:4)
  4 giant cockroaches
  4 goblins
  12 hobgoblins
  8 jackals
  5 kobolds
  2 quokkas (D:3)
  2 ball pythons
  9 bats
  5 frilled lizards
  7 rats
114 creatures vanquished.

Notes
Turn   | Place    | Note
-------+----------+-------------------------------------------
     0 | D:1      | Eurus the Mummy Conjurer began the quest for the Orb.
     0 | D:1      | Reached XP level 1. HP: 13/13 MP: 4/4
   156 | D:1      | Reached skill level 3 in Spellcasting
   398 | D:1      | Reached XP level 2. HP: 19/20 MP: 3/6
   402 | D:1      | Learned a level 2 spell: Searing Ray
   596 | D:1      | Reached skill level 1 in Fighting
  1262 | D:2      | Found a shimmering blue altar of Sif Muna.
  1269 | D:2      | Found a stormy altar of Qazlal.
  1273 | D:2      | Reached XP level 3. HP: 26/26 MP: 2/7
  1371 | D:2      | Found a snail-covered altar of Cheibriados.
  1549 | D:2      | Found an opulent altar of Gozag.
  1737 | D:2      | Reached XP level 4. HP: 33/33 MP: 5/9
  1751 | D:2      | Learned a level 4 spell: Iskenderun's Mystic Blast
  1858 | D:2      | Found a burning altar of Makhleb.
  1913 | D:2      | Found an iron altar of Okawaru.
  2214 | D:3      | Reached skill level 4 in Spellcasting
  2577 | D:3      | Reached XP level 5. HP: 39/39 MP: 8/11
  2676 | D:3      | Found a shadowy altar of Dithmenos.
  4106 | D:4      | Reached skill level 1 in Translocations
  4106 | D:4      | Reached XP level 6. HP: 41/47 MP: 6/13
  4570 | D:4      | Reached skill level 5 in Spellcasting
  4846 | D:4      | Found an ancient bone altar of Kikubaaqudgha.
  5120 | D:5      | Entered Level 5 of the Dungeon
  5171 | D:5      | Noticed a +0 hand axe
  5171 | D:5      | Noticed a +0 dagger
  5174 | D:5      | Found a hide-covered altar of Uskayaw.
  5193 | D:5      | Reached XP level 7. HP: 43/53 MP: 10/15
  5979 | D:6      | Noticed Sigmund
  6117 | D:6      | Reached skill level 5 in Conjurations
  6194 | D:6      | Reached skill level 6 in Spellcasting
  6419 | D:6      | Reached XP level 8. HP: 37/61 MP: 5/17
  6696 | D:6      | Demolished by an orc warrior

Levels and vault maps discovered:
D:1:      dpeg_arrival_rhombi, layout_basic
D:2:      layout_rooms, lemuel_doored_altar, lemuel_coloured_pillars_altar,
          grunt_temple_overflow_open, okawaru_gym_becter
D:3:      layout_basic, nicolae_dithmenos_through_a_glass_darkly, first_ration
D:4:      layout_loops_ring, kennysheep_vampire_church, minmay_bisected
D:5:      layout_basic, dancing_weapons_uskayaw
D:6:      layout_loops_corners, uniq_sigmund

Skill      XL: |  1  2  3  4  5  6  7 |
---------------+----------------------+-----
Spellcasting   | 3 4 5 6 |  6.3
Fighting       | 1 2 3 4 |  4.6
Conjurations   | 4 5 |  5.2
Translocations | 1 2 |  2.9
Dodging        | |  1.5
Stealth        | |  1.5

Action                   |  1- 3 |  4- 6 |  7- 9 || total
-------------------------+-------+-------+-------++-------
Melee: Unarmed           |    11 |       |       ||    11
       Dagger            |    37 |    51 |       ||    88
       Trident           |       |    24 |    18 ||    42
 Cast: Magic Dart        |    64 |    74 |     9 ||   147
       Searing Ray       |     2 |    23 |    15 ||    40
Armor: Robe              |     9 |    27 |     8 ||    44
Dodge: Dodged            |    34 |    98 |    24 ||   156

Table legend:
 A = Non-vault XP
 B = Vault XP
 C = Vault XP percentage of total XP
 D = Non-vault monster count
 E = Vault monster count
 F = Vault count percentage of total count
                 A         B        C        D         E       F
            +---------+---------+-------+---------+---------+-------
      Total |    1246 |     199 |  13.8 |     105 |       9 |   7.9
            +---------+---------+-------+---------+---------+-------
        D:1 |      37 |       0 |   0.0 |      21 |       0 |   0.0
        D:2 |      81 |       0 |   0.0 |      21 |       0 |   0.0
        D:3 |     158 |       0 |   0.0 |      29 |       0 |   0.0
        D:4 |     225 |     199 |  46.9 |      14 |       9 |  39.1
        D:5 |     209 |       0 |   0.0 |       7 |       0 |   0.0
        D:6 |     536 |       0 |   0.0 |      13 |       0 |   0.0
            +---------+---------+-------+---------+---------+-------
